 Dungeon Crawl Stone Soup version 0.28.0-45-g0d030f2227 (webtiles) character file.

Game seed: 1950035585752018361

5850 Fartwhistle the Cleaver (level 10, -7/96 HPs)
             Began as a Hill Orc Fighter on Apr 12, 2022.
             Was a Believer of the Shining One.
             Mangled by a cane toad (15 damage)
             ... on level 8 of the Dungeon.
             The game lasted 00:23:28 (8547 turns).

Fartwhistle the Cleaver (Hill Orc Fighter)          Turns: 8547, Time: 00:23:28

Health: -7/96      AC: 18    Str: 24    XL:     10   Next: 81%
Magic:  10/10      EV: 11    Int:  8    God:    the Shining One [**....]
Gold:   414        SH:  4    Dex: 10    Spells: 9/9 levels left

rFire   . . .      SeeInvis .   a - +0 war axe
rCold   + . .      Faith    .   c - +0 buckler
rNeg    + . .      Spirit   .   f - +0 plate armour
rPois   .          Reflect  .   t - +1 helmet
rElec   .          Harm     .   E - +0 cloak
rCorr   .          Rampage  .   (no gloves)
Will    .....                   (no boots)
Stlth   ..........              n - amulet of regeneration
HPRegen 1.06/turn               j - +4 ring of evasion
MPRegen 0.12/turn               k - ring of protection from cold

@: lethally poisoned (-7 -> -18), glowing
A: no striking features
a: Renounce Religion, Divine Shield


You were on level 8 of the Dungeon.
You worshipped the Shining One.
The Shining One was pleased with you.
You visited 3 branches of the dungeon, and saw 12 of its levels.

You collected 414 gold pieces.

Inventory:

Hand Weapons
 a - a +0 war axe (weapon)
 r - a +1 whip of flaming
 x - a +0 vorpal hand axe
 C - a +3 morningstar of freezing
Armour
 b - a +0 scale mail
 c - a +0 buckler (worn)
 f - a +0 plate armour (worn)
 t - a +1 helmet (worn)
 E - a +0 cloak (worn)
Jewellery
 j - a +4 ring of evasion (left hand)
 k - a ring of protection from cold (right hand)
 n - an amulet of regeneration (around neck)
 v - a ring of protection from cold
 A - a ring of protection from fire
 J - a ring of protection from fire
Wands
 s - a wand of flame (45)
 z - a wand of iceblast (11)
Scrolls
 h - 2 scrolls of vulnerability
 i - 2 scrolls of noise {unknown}
 l - 3 scrolls of teleportation
 m - 2 scrolls of amnesia {unknown}
 o - 2 scrolls of identify
 q - 2 scrolls of holy word {unknown}
 w - a scroll of enchant weapon {unknown}
 y - a scroll of silence {unknown}
 B - a scroll of fear {unknown}
 F - a scroll of enchant armour {unknown}
 H - a scroll of fog
 K - a scroll of blinking {unknown}
Potions
 d - a potion of haste
 e - 2 potions of mutation
 g - a potion of resistance
 p - 4 potions of curing
 u - 2 potions of flight {unknown}
 D - a potion of degeneration {unknown}
 G - 4 potions of heal wounds {unknown}
 I - a potion of might


   Skills:
 + Level 11.6 Fighting
 + Level 12.2 Axes
 + Level 10.5 Armour
 - Level 3.3 Shields


You had 9 spell levels left.
You didn't know any spells.
Your spell library contained the following spells:

 Spells                   Type           Power      Damage    Failure   Level
 Static Discharge         Conj/Air       0%         N/A       100%        2
 Gell's Gravitas          Tloc           0%         N/A       100%        3
 Summon Guardian Golem    Hex/Summ       0%         N/A       100%        3
 Teleport Other           Tloc           0%         N/A       100%        3
 Dispel Undead            Necr           0%         3d6       100%        4
 Sticky Flame             Conj/Fire      0%         2d3       100%        4
 Dispersal                Tloc           0%         N/A       100%        6
 Orb of Destruction       Conj           0%         9d5       100%        7
 Spellforged Servitor     Conj/Summ      0%         N/A       100%        7


Dungeon Overview and Level Annotations

Branches:
Dungeon (10/15)            Temple (1/1) D:5            Lair (1/6) D:8
    Orc: D:9-12

Altars:
Ashenzari
Cheibriados
Elyvilon
Fedhas
Gozag
Hepliaklqana
Kikubaaqudgha
Makhleb
Nemelex Xobeh
Okawaru
Qazlal
Ru
Sif Muna
Trog
Uskayaw
Vehumet
Wu Jian
Xom
Yredelemnul
Zin
The Shining One

Shops:
D:8 [


Message History

The cane toad stings you!
You are more poisoned.
The cane toad poisons you!
You feel extremely sick.
The water moccasin bites you but does no damage.
You feel very sick.
You closely miss the water moccasin.
You feel very sick. The water moccasin closely misses you.
The water moccasin barely misses you.
You closely miss the water moccasin.
You feel very sick. The water moccasin closely misses you.
You barely miss the water moccasin.
You feel very sick. The water moccasin bites you.
* * * LOW HITPOINT WARNING * * *
You hit the water moccasin.
The water moccasin is lightly wounded.
You feel sick. The water moccasin closely misses you.
The water moccasin completely misses you.
You slash the water moccasin!
The water moccasin is moderately wounded.
You feel sick.
The water moccasin bites you but does no damage.
You slice the water moccasin!!
You kill the water moccasin!
You feel sick.
You feel better. The cane toad closely misses you.
You slash the cane toad!
The cane toad is severely wounded.
The cane toad stings you!
* * * LOW HITPOINT WARNING * * *
You are lethally poisoned!
The cane toad poisons you!
You hit the cane toad but do no damage.
The cane toad is severely wounded.
* * * LOW HITPOINT WARNING * * *
You feel very sick. The cane toad stings you!
You die...

#.# ##.PPPP## #.#####...PPPP#
### #.....#.P.....#
##.#########.####.....>.P#
........................P#
.#.#.#.###.....#........P#
.#.#.#.# #...#.##.P....PP#
.#.#.#.###...#.##F..P.PPP####
................@#...PPPP#..#
.#.#.#.###...#.###....PPP##.#
.................##...PP###.#
.................###.(.## #.#
.#.#.#..##.............# #.#
.#.#.#..###..#.##....#.# #.#
.....#..###..#.##....#.####.##
...............(.....#.......#
...#.#..###..#.###...#########


You could see a cane toad.

Vanquished Creatures
  Pikel (D:5)
  Maggie (D:6)
  A komodo dragon (D:8)
  A troll (D:9)
  Grinder (D:6)
  Sigmund (D:6)
  A wyvern (D:8)
  5 water moccasins
  An acid dragon (D:9)
  Duvessa (D:6)
  5 black bears
  An ice beast (D:8)
  3 orc warriors
  A sky beast (D:5)
  A necrophage (D:5)
  3 ogres
  4 centaurs
  A phantom (D:6)
  4 lemures (D:5)
  Blork the orc (D:6)
  A gnoll sergeant (D:8)
  2 scorpions
  A wyvern zombie (D:6)
  Dowan (D:6)
  10 wights (D:6)
  2 howler monkeys
  3 centaur zombies
  A hound (D:6)
  4 orc priests
  Ijyb (D:3)
  Jessica (D:3)
  A centaur skeleton (D:7)
  3 iguanas
  Natasha (thrice) (D:3)
  10 orc wizards
  2 killer bee zombies (D:8)
  A hound skeleton (D:4)
  7 gnolls
  A howler monkey zombie (D:9)
  5 adders
  2 worms
  39 orcs
  7 ball pythons
  7 bats
  6 endoplasms
  2 giant cockroaches
  4 goblins
  11 hobgoblins
  4 jackals
  A quokka (D:2)
  3 frilled lizards
  4 kobolds
  8 rats
196 creatures vanquished.

Vanquished Creatures (others)
  21 plants
21 creatures vanquished.

Grand Total: 217 creatures vanquished

Notes
Turn   | Place    | Note
-------+----------+-------------------------------------------
     0 | D:1      | Fartwhistle the Hill Orc Fighter began the quest for the
                  | Orb.
     0 | D:1      | Reached XP level 1. HP: 19/19 MP: 1/1
   181 | D:1      | Reached skill level 3 in Axes
   211 | D:1      | Reached XP level 2. HP: 27/27 MP: 2/2
   274 | D:1      | You fall into a shaft and drop 1 floor!
   356 | D:2      | Found a shimmering altar of Xom.
   504 | D:1      | Reached XP level 3. HP: 32/33 MP: 3/3
   692 | D:1      | Found a faded altar of an unknown god.
  1659 | D:2      | Reached XP level 4. HP: 41/41 MP: 4/4
  1877 | D:3      | Noticed Ijyb
  1884 | D:3      | Killed Ijyb
  1885 | D:3      | Reached skill level 4 in Axes
  2070 | D:3      | Noticed Natasha
  2078 | D:3      | Killed Natasha
  2079 | D:3      | Reached skill level 5 in Fighting
  2079 | D:3      | Reached XP level 5. HP: 48/48 MP: 5/5
  2090 | D:3      | Noticed Natasha
  2106 | D:3      | Killed Natasha
  2113 | D:3      | Noticed Natasha
  2119 | D:3      | Killed Natasha
  2160 | D:3      | Noticed Jessica
  2164 | D:3      | Killed Jessica
  2165 | D:3      | Reached skill level 5 in Axes
  2476 | D:4      | Reached XP level 6. HP: 53/56 MP: 6/6
  2622 | D:4      | Noticed a black bear
  2691 | D:4      | Noticed a black bear
  2700 | D:4      | Killed a black bear
  2701 | D:4      | Reached skill level 5 in Armour
  2895 | D:4      | Killed a black bear
  2896 | D:4      | Reached skill level 6 in Axes
  2896 | D:4      | Reached XP level 7. HP: 64/64 MP: 7/7
  3190 | D:5      | Entered Level 5 of the Dungeon
  3275 | D:5      | Found a staircase to the Ecumenical Temple.
  3290 | Temple   | Entered the Ecumenical Temple
  3308 | Temple   | Became a worshipper of the Shining One
  3875 | D:5      | Noticed Pikel
  3893 | D:5      | Killed Pikel
  3894 | D:5      | Reached skill level 7 in Axes
  3894 | D:5      | Reached XP level 8. HP: 41/74 MP: 8/8
  4034 | D:5      | Reached skill level 8 in Axes
  4364 | D:5      | Reached XP level 9. HP: 67/82 MP: 9/9
  4674 | D:6      | Reached skill level 9 in Axes
  4799 | D:6      | Noticed Sigmund
  4817 | D:6      | Killed Sigmund
  4844 | D:6      | Noticed Grinder
  4885 | D:6      | Reached * piety under the Shining One
  4898 | D:6      | Noticed Duvessa
  4898 | D:6      | Noticed Dowan
  4899 | D:6      | Noticed Maggie
  4915 | D:6      | Killed Duvessa
  4930 | D:6      | Killed Maggie
  4931 | D:6      | Reached skill level 10 in Axes
  4934 | D:6      | Killed Grinder
  4939 | D:6      | Killed Dowan
  5002 | D:6      | Reached skill level 10 in Fighting
  5073 | D:6      | Noticed Blork the orc
  5080 | D:6      | Killed Blork the orc
  5135 | D:6      | Reached XP level 10. HP: 87/92 MP: 10/10
  5312 | D:6      | Reached skill level 11 in Axes
  6481 | D:8      | Found Kodgh's Armour Shop.
  6534 | D:8      | Reached ** piety under the Shining One
  6708 | D:8      | Found a staircase to the Lair.
  6712 | D:8      | Reached skill level 10 in Armour
  7790 | D:9      | Reached skill level 12 in Axes
  8285 | D:10     | Entered Level 10 of the Dungeon
  8329 | D:10     | Noticed a two-headed ogre
  8523 | Lair:1   | Entered Level 1 of the Lair of Beasts
  8523 | Lair:1   | Noticed a cane toad
  8547 | D:8      | Mangled by a cane toad

Illustrated notes

Levels and vault maps discovered:
D:1:      matt_arrival_refuge, layout_loops_ring,
          shapermc_ecumenical_altar_mp_ritualfount
D:2:      layout_basic, basic_altar, kennysheep_nondescript, minmay_puff
D:3:      layout_basic, uniq_ijyb, uniq_jessica, uniq_natasha
D:4:      layout_loops_ring
D:5:      layout_basic, minmay_temple_entry_tees, serial_bayou_lagoon_a,
          uniq_pikel
D:6:      layout_basic, uniq_sigmund, uniq_maggie, uniq_blork_the_orc,
          uniq_grinder, uniq_duvessa
D:7:      layout_loops_cross
D:8:      layout_basic, david_lair_shrubbed, nicolae_stop_n_shop_2,
          grunt_ministairs_13
D:9:      layout_basic
D:10:     layout_roguey, mainiacjoe_overflow_alcove_4, serial_shops, shop, shop,
          nicolae_shop_waterfront, minmay_rotating_lava, uniq_snorg
Temple:   nicolae_temple_the_god_donut
Lair:1:   layout_misc_corridors

Skill      XL: |  1  2  3  4  5  6  7  8  9 10 |
---------------+-------------------------------+-----
Axes           | 3 4 5 6 7 8 10 12 | 12.2
Fighting       | 4 5 6 7 8 10 11 | 11.6
Armour         | 4 5 6 7 9 10 | 10.5
Shields        | |  3.3

Action                   |  1- 3 |  4- 6 |  7- 9 | 10-12 || total
-------------------------+-------+-------+-------+-------++-------
Melee: War axe           |   107 |   142 |   331 |   201 ||   781
       Hand axe          |       |       |       |    15 ||    15
  Use: Scroll            |       |       |     2 |     4 ||     6
       Potion            |       |       |     1 |     1 ||     2
Armor: Scale mail        |    31 |       |       |       ||    31
       Plate armour      |    25 |   102 |   145 |   114 ||   386
Dodge: Dodged            |    61 |    65 |   134 |   120 ||   380
Block: Buckler           |    14 |    29 |    67 |    45 ||   155
